 Dungeon Crawl Stone Soup version 0.30.1 (webtiles) character file.

Game seed: 2895763338407368724

59 Graphine the Shooter (level 4, -3/34 HPs)
             Began as a Human Hunter on July 10, 2023.
             Killed by divine providence
             ... invoked by an orc priest
              (15 damage)
             ... on level 3 of the Dungeon.
             The game lasted 00:03:19 (1302 turns).

Graphine the Shooter (Human Hunter)                 Turns: 1302, Time: 00:03:20

Health: -3/34      AC:  4    Str: 11    XL:     4   Next: 22%
Magic:  13/13      EV: 12    Int:  9    God:
Gold:   89         SH:  0    Dex: 19    Spells: 3/3 levels left

rFire   . . .        a - +0 shortbow
rCold   . . .        (shield currently unavailable)
rNeg    . . .        c - +0 leather armour
rPois   .            h - +0 helmet
rElec   .            (no cloak)
rCorr   .            (no gloves)
SInv    .            (no boots)
Will    .....        (no amulet)
Stlth   ++           s - ring of magical power
HPRegen 0.25/turn    (no ring)
MPRegen 0.13/turn

%: no passive effects
@: no status effects
A: no striking features
a: no special abilities


You were on level 3 of the Dungeon.
You visited 1 branch of the dungeon, and saw 3 of its levels.

You collected 89 gold pieces.

Inventory:

Hand Weapons
 a - a +0 shortbow (weapon)
 l - a +0 dagger of draining
 q - a +1 dagger of venom
Armour
 c - a +0 leather armour (worn)
 h - a +0 helmet (worn)
Jewellery
 s - a ring of magical power (left hand)
Scrolls
 b - a scroll of immolation
 f - a scroll of identify
 i - 2 scrolls of vulnerability
 k - a scroll of teleportation
 r - a scroll of enchant weapon {unknown}
 t - a scroll of blinking {unknown}
Potions
 d - 2 potions of cancellation {unknown}
 e - a potion of haste {unknown}
 g - a potion of ambrosia
 j - 2 potions of curing {unknown}
 m - a potion of magic {unknown}
 n - a potion of degeneration {unknown}
 o - a potion of lignification {unknown}
 p - a potion of berserk rage {unknown}


   Skills:
 + Level 2.6 Fighting
 * Level 4.8 Ranged Weapons
 + Level 2.6 Dodging
 - Level 1.0 Stealth


You had 3 spell levels left.
You didn't know any spells.
Your spell library contained the following spells:

 Spells                   Type           Power      Damage    Failure   Level
 Sandblast                Erth           0%         2d4       47%         1
 Cigotuvi's Dreadful Rot  Necr/Pois/Air  0%         N/A       63%         2
 Passwall                 Tmut/Erth      0%         N/A       63%         2
 Ignite Poison            Fire/Tmut/Pois 0%         N/A       85%         3
 Stone Arrow              Conj/Erth      0%         3d7       85%         3
 Freezing Cloud           Conj/Ice/Air   0%         6-21      100%        5


Dungeon Overview and Level Annotations

Branches:
Dungeon (3/15)

Altars:

Shops:
D:2 =


Message History

Press: ? - help, Q - select action Shift-Dir - straight line, f/p - orc priest
Aim: an orc priest, wielding a +0 trident and wearing a +0 leather armour (almost dead, 64% to hit)
You shoot an arrow. The arrow barely misses the orc priest.
The arrow hits the orc!
You kill the orc!
The orc priest calls upon Beogh to heal the orc priest.
The orc priest is healed somewhat.
The orc barely misses you. The orc priest barely misses you.
The orc priest hits you from afar with a +0 trident!
* * * LOW HITPOINT WARNING * * *
The orc hits you with a +0 club.
* * * LOW HITPOINT WARNING * * *
You are confused.
You feel invigorated. The orc closely misses you.
The orc priest hits you but does no damage.
The orc attacks as you move away! The orc hits you with a +0 club.
You're too confused to move!
You feel less invigorated.
You feel less confused.
The orc priest hits you from afar with a +0 trident.
The orc barely misses you.
The orc priest casts a cantrip, but nothing happens.
The orc attacks as you move away! The orc hits you with a +0 club.
The orc priest begins to cast a cantrip, but forgets the words!
You are too injured to fight recklessly!
You are too injured to fight recklessly!
Fire: a) +0 shortbow
Press: ? - help, Q - select action Shift-Dir - straight line, f/p - orc priest
Aim: an orc priest, wielding a +0 trident and wearing a +0 leather armour (heavily wounded, 64% to hit)
You shoot an arrow. The arrow hits the orc.
The orc is lightly wounded.
The orc priest calls upon Beogh to heal the orc priest.
The orc priest is healed somewhat.
The orc barely misses you.
Fire: a) +0 shortbow
Press: ? - help, Q - select action Shift-Dir - straight line, f/p - orc priest
Aim: an orc priest, wielding a +0 trident and wearing a +0 leather armour (lightly wounded, 64% to hit)
You shoot an arrow. The arrow hits the orc!
You kill the orc!
The orc priest invokes the aid of Beogh against you.
Beogh smites you!
You die...

#.#.#.# #.#
###.#.#.####)#
#.............#
..........##o..#
..........##.#.#
..........#.o..#
..........##.###
............)..#.#
..........##@#.#.#
..........#..#.#.#
..........#.## #.#
...###.#..#. #.#
#.#..######.#
#≈##.>......# #≈
#######..# #≈
.........# #.
#.#####.## ..


You could see 2 orc priests.

Vanquished Creatures
  An adder (D:2)
  3 orcs (D:3)
  3 bats
  4 endoplasms
  A giant cockroach (D:1)
  5 hobgoblins
  7 jackals (D:2)
  5 kobolds
  2 quokkas
  2 ball pythons (D:1)
  2 frilled lizards (D:1)
  4 goblins
  3 rats (D:1)
42 creatures vanquished.

Notes
Turn   | Place    | Note
-------+----------+-------------------------------------------
     0 | D:1      | Graphine the Human Hunter began the quest for the Orb.
     0 | D:1      | Reached XP level 1. HP: 16/16 MP: 1/1
   162 | D:1      | Reached XP level 2. HP: 22/22 MP: 2/2
   357 | D:1      | Reached XP level 3. HP: 28/28 MP: 3/3
   591 | D:2      | Found Ynnefann's Jewellery Shop.
   911 | D:2      | Reached XP level 4. HP: 34/34 MP: 4/4
  1302 | D:3      | Killed from afar by an orc priest

Illustrated notes

Levels and vault maps discovered:
D:1:      mushboom_english_gardens, layout_rooms, minivault_14
D:2:      layout_loops_ring, serial_shops, shop, serial_park_tiny_2,
          minmay_misc_feat_room
D:3:      layout_basic, gammafunk_ghost_nasty_kobolds, corexii_corridor_pit,
          kennysheep_generic_room_9

Action                     |  1- 3 |  4- 6 || total
---------------------------+-------+-------++-------
   Fire: Shortbow          |    71 |    27 ||    98
    Use: Scroll            |     5 |       ||     5
         Potion            |       |     1 ||     1
 Armour: Leather armour    |     8 |     4 ||    12
  Dodge: Dodged            |    21 |    14 ||    35
